 Dungeon Crawl Stone Soup version 0.30.0-29-ga12c61a403 (webtiles) character file.

Game seed: 13697594428376985737

86 GimliDwarf the Ducker (level 4, -9/34 HPs)
             Began as a Gnoll Wanderer on June 15, 2023.
             Was an Initiate of Okawaru.
             Killed from afar by Grinder (10 damage)
             ... with a puff of flame
             ... on level 3 of the Dungeon.
             The game lasted 00:05:43 (1892 turns).

GimliDwarf the Ducker (Gnoll Wanderer)              Turns: 1892, Time: 00:05:44

Health: -9/34      AC:  4    Str:  9    XL:     4   Next: 49%
Magic:  8/8        EV: 14    Int:  9    God:    Okawaru [......]
Gold:   210        SH:  0    Dex: 18    Spells: 9/9 levels left

rFire   . . .        a - +3 long sword (elec)
rCold   . . .        (no shield)
rNeg    . . .        q - +0 leather armour
rPois   .            (no helmet)
rElec   .            c - +0 cloak
rCorr   .            (no gloves)
SInv    .            (no boots)
Will    .....        (no amulet)
Stlth   ++           (no ring)
HPRegen 0.25/turn    (no ring)
MPRegen 0.11/turn

%: no passive effects
@: no status effects
A: fangs 1, strong nose, distributed training
a: Renounce Religion


You were on level 3 of the Dungeon.
You worshipped Okawaru.
Okawaru was noncommittal.
You visited 1 branch of the dungeon, and saw 3 of its levels.

You collected 210 gold pieces.

Inventory:

Hand Weapons
 a - a +3 long sword of electrocution (weapon)
 h - a +3 dagger
Armour
 c - a +0 cloak (worn)
 q - a +0 leather armour (worn)
Scrolls
 d - 2 scrolls of blinking
 e - a scroll of acquirement {unknown}
 m - a scroll of teleportation
Potions
 b - a potion of curing {unknown}
 f - a potion of ambrosia {unknown}
 i - 3 potions of haste
 j - 2 potions of cancellation
 o - a potion of brilliance {unknown}


   Skills:
 + Level 2.8 Fighting
 + Level 1.2 Short Blades
 + Level 4.6 Long Blades
 + Level 4.6 Axes
 + Level 1.2 Maces & Flails
 + Level 1.2 Polearms
 + Level 1.2 Staves
 + Level 1.2 Ranged Weapons
 + Level 1.2 Throwing
 + Level 2.8 Armour
 + Level 4.6 Dodging
 + Level 1.2 Stealth
 + Level 1.2 Shields
 + Level 1.2 Unarmed Combat
 + Level 3.0 Spellcasting
 + Level 1.0 Conjurations
 + Level 1.0 Hexes
 + Level 1.0 Summonings
 + Level 1.0 Necromancy
 + Level 1.0 Translocations
 + Level 1.0 Transmutations
 + Level 1.0 Fire Magic
 + Level 1.0 Ice Magic
 + Level 1.0 Air Magic
 + Level 1.0 Earth Magic
 + Level 1.0 Poison Magic
 + Level 2.9 Invocations
 + Level 1.2 Evocations


You had 9 spell levels left.
You didn't know any spells.
Your spell library was empty.

Dungeon Overview and Level Annotations

Branches:
Dungeon (3/15)

Altars:
Makhleb
Okawaru

Annotations:
D:3 Grinder


Innate Abilities, Weirdness & Mutations

You have very sharp teeth.
Your uncanny sense of smell can sniff out nearby items.
Your experience applies equally to all skills.


Message History

You kill the orc!
Okawaru accepts your kill.
HP restored.
Things that are here:
a +0 short sword; an orc corpse No target in view!
Grinder shouts!
Grinder completely misses you.
You barely miss Grinder. Grinder gestures at you.
You suddenly lose the ability to move!
Grinder hits you.
You writhe in agony.
Grinder hits you but does no damage. Grinder gestures at you.
Pain shoots through your body!
Grinder says, "FISH!"
Grinder hits you.
You can move again.
You slash Grinder! Your bite misses Grinder.
Grinder is moderately wounded.
Grinder zaps a wand.
The puff of flame hits you!
* * * LOW HITPOINT WARNING * * *
You slash Grinder! You bite Grinder, but do no damage.
Grinder is heavily wounded.
Grinder closely misses you.
You closely miss Grinder.
Grinder is heavily wounded.
Grinder zaps a wand.
The puff of flame hits you but does no damage.
You slash Grinder! Your bite misses Grinder.
Grinder is severely wounded.
Grinder gestures at you. You resist with significant effort.
You barely miss Grinder.
Grinder is severely wounded.
Grinder gestures at you. Pain shoots through your body!
* * * LOW HITPOINT WARNING * * *
Grinder zaps a wand.
The puff of flame hits you!
You die...

****** *.,..############
*......S........###### #
*.....####รท#.##......## #
*........@_..#######..####
*#######.#5##### ##.....
##......## ######
######..# ##..... ##.#
##<.#### #.###..##
#..##.## ##.##.# #....#


You could see Grinder.

Vanquished Creatures
  4 adders
  A dart slug (D:2)
  3 orcs (D:3)
  2 bats
  6 endoplasms
  2 giant cockroaches
  2 goblins
  5 hobgoblins
  A quokka (D:2)
  4 ball pythons
  3 frilled lizards
  5 kobolds
  8 rats
46 creatures vanquished.

Notes
Turn   | Place    | Note
-------+----------+-------------------------------------------
     0 | D:1      | GimliDwarf the Gnoll Wanderer began the quest for the Orb.
     0 | D:1      | GimliDwarf set off with the following items: a +0 long
                  | sword, a +0 hand axe, a +0 cloak, a scroll of blinking, a
                  | +0 robe.
     0 | D:1      | Reached XP level 1. HP: 17/17 MP: 4/4
   225 | D:1      | Reached XP level 2. HP: 20/23 MP: 5/5
   989 | D:2      | Reached XP level 3. HP: 20/28 MP: 7/7
  1023 | D:2      | Found an iron altar of Okawaru.
  1042 | D:2      | Became a worshipper of Warmaster Okawaru
  1196 | D:2      | Reached skill level 1 in Short Blades
  1196 | D:2      | Reached skill level 1 in Maces & Flails
  1196 | D:2      | Reached skill level 1 in Polearms
  1196 | D:2      | Reached skill level 1 in Staves
  1196 | D:2      | Reached skill level 1 in Ranged Weapons
  1196 | D:2      | Reached skill level 1 in Throwing
  1196 | D:2      | Reached skill level 1 in Stealth
  1196 | D:2      | Reached skill level 1 in Shields
  1196 | D:2      | Reached skill level 1 in Unarmed Combat
  1196 | D:2      | Reached skill level 1 in Evocations
  1422 | D:3      | Reached XP level 4. HP: 30/34 MP: 8/8
  1517 | D:3      | Found a burning altar of Makhleb.
  1530 | D:3      | Reached skill level 1 in Conjurations
  1530 | D:3      | Reached skill level 1 in Hexes
  1530 | D:3      | Reached skill level 1 in Summonings
  1530 | D:3      | Reached skill level 1 in Necromancy
  1530 | D:3      | Reached skill level 1 in Translocations
  1530 | D:3      | Reached skill level 1 in Transmutations
  1530 | D:3      | Reached skill level 1 in Fire Magic
  1530 | D:3      | Reached skill level 1 in Ice Magic
  1530 | D:3      | Reached skill level 1 in Air Magic
  1530 | D:3      | Reached skill level 1 in Earth Magic
  1530 | D:3      | Reached skill level 1 in Poison Magic
  1550 | D:3      | Noticed Grinder
  1883 | D:3      | Paralysed by Grinder for 5 turns
  1892 | D:3      | HP: 1/34 [Grinder/nerve-wracking pain (8)]
  1892 | D:3      | Killed from afar by Grinder

Illustrated notes

Levels and vault maps discovered:
D:1:      erik_arrival_triangle_medium, layout_basic, minmay_misc_feat_doors,
          minmay_tromino_v4_b
D:2:      layout_rooms, basic_altar
D:3:      layout_rooms, lemuel_crystal_altar, nicolae_qazlal_general_emergency,
          minmay_crystal_water, uniq_natasha, uniq_grinder

Skill      XL: |  1  2  3  4 |
---------------+-------------+-----
Short Blades   | 1 |  1.2
Maces & Flails | 1 |  1.2
Polearms       | 1 |  1.2
Staves         | 1 |  1.2
Ranged Weapons | 1 |  1.2
Throwing       | 1 |  1.2
Stealth        | 1 |  1.2
Shields        | 1 |  1.2
Unarmed Combat | 1 |  1.2
Evocations     | 1 |  1.2
Spellcasting   | 3 |  3.0
Conjurations   | 1 |  1.0
Hexes          | 1 |  1.0
Summonings     | 1 |  1.0
Necromancy     | 1 |  1.0
Translocations | 1 |  1.0
Transmutations | 1 |  1.0
Fire Magic     | 1 |  1.0
Ice Magic      | 1 |  1.0
Air Magic      | 1 |  1.0
Earth Magic    | 1 |  1.0
Poison Magic   | 1 |  1.0
Fighting       | |  2.8
Long Blades    | |  4.6
Axes           | |  4.6
Armour         | |  2.8
Dodging        | |  4.6
Invocations    | |  2.9

Action                     |  1- 3 |  4- 6 || total
---------------------------+-------+-------++-------
  Melee: Long sword        |   101 |    33 ||   134
         Bite              |     5 |     3 ||     8
         Punch             |     1 |       ||     1
    Use: Scroll            |       |    11 ||    11
   Stab: Sleeping          |     5 |     2 ||     7
         Distracted        |     1 |       ||     1
 Armour: Robe              |    17 |     1 ||    18
         Leather armour    |       |     5 ||     5
  Dodge: Dodged            |    80 |    20 ||   100
